 Dungeon Crawl Stone Soup version 0.30-a0-29-g142975f185 (webtiles) character file.

Game seed: 9289922866376566830

221189 Flugkiller the Severer (level 18, -17/170 HPs)
             Began as a Minotaur Fighter on Aug 25, 2022.
             Was the Champion of Okawaru.
             Constricted to death by Cigotuvi's Monster (18 damage)
             ... in a wizard's laboratory.
             The game lasted 00:21:54 (29257 turns).

Flugkiller the Severer (Minotaur Fighter)          Turns: 29257, Time: 00:21:55

Health: -17/170    AC: 36    Str: 21    XL:     18   Next: 6%
Magic:  25/25      EV: 15    Int: 11    God:    Okawaru [******]
Gold:   2175       SH:  0    Dex: 18    Spells: 17/17 levels left

rFire   + . .      SeeInvis .    E - +10 battleaxe of Gotubysch {vorpal, rElec rF+ Will+ Int+6}
rCold   . . .      Faith    .    (shield currently unavailable)
rNeg    . . .      Spirit   .    M - +9 plate armour {ponderous}
rPois   .          Reflect  .    (helmet restricted)
rElec   +          Harm     .    b - +2 cloak {rCorr}
rCorr   +          Rampage  .    y - +2 pair of gloves
Will    +++..                    e - +0 pair of boots {Stlth+}
Stlth   ..........               g - amulet of regeneration
HPRegen 1.18/turn                m - ring of willpower
MPRegen 0.19/turn                v - +4 ring of evasion

@: constricted, slow
A: horns 2, retaliatory headbutt
}: 2/15 runes: barnacled, gossamer
a: Renounce Religion, Heroism, Finesse, Duel


You were in a wizard's laboratory.
You worshipped Okawaru.
Okawaru was exalted by your worship.
You visited 6 branches of the dungeon, and saw 31 of its levels.
You also visited: Sewer and Wizlab.

You collected 3090 gold pieces.
You spent 915 gold pieces at shops.

Inventory:

Hand Weapons
 i - the +11 battleaxe of Bloodstone {venom, rElec rCorr MP+9}
   (Okawaru gifted it to you on level 2 of the Orcish Mines)

   It poisons the flesh of those it strikes.
   rElec:     It insulates you from electricity.
   MP:        It affects your magic capacity (+9).
   rCorr:     It protects you from acid and corrosion.
 E - the +10 battleaxe of Gotubysch (weapon) {vorpal, rElec rF+ Will+ Int+6}
   (Okawaru gifted it to you on level 1 of the Shoals)

   It inflicts extra damage upon your enemies.
   Int:       It affects your intelligence (+6).
   rF:        It protects you from fire.
   rElec:     It insulates you from electricity.
   Will:      It increases your willpower.
 L - a +0 broad axe
   (You found it on level 3 of the Lair of Beasts)
 W - a +4 vorpal executioner's axe
   (Okawaru gifted it to you on level 12 of the Dungeon)
Missiles
 I - 17 boomerangs
 K - 8 silver javelins
 V - 8 javelins (quivered)
 X - 5 throwing nets
Armour
 b - a +2 cloak of preservation (worn)
   (Okawaru gifted it to you on level 11 of the Dungeon)
 e - a +0 pair of boots of stealth (worn)
   (You bought it in a shop on level 2 of the Orcish Mines)
 k - a scarf of resistance
   (You found it on level 4 of the Spider Nest)
 y - a +2 pair of gloves (worn)
   (You found it on level 6 of the Dungeon)
 A - the +1 cloak "Afuyviuf" {rElec}
   (You acquired it on level 9 of the Dungeon)

   rElec:     It insulates you from electricity.
 M - a +9 plate armour of ponderousness (worn)
   (You bought it in a shop on level 3 of the Dungeon)
Jewellery
 c - a ring of protection from cold
   (You found it on level 9 of the Dungeon)
 g - an amulet of regeneration (around neck)
   (You found it on level 1 of the Dungeon)
 m - a ring of willpower (left hand)
   (You found it on level 11 of the Dungeon)
 o - a ring of poison resistance
   (You found it on level 2 of the Dungeon)
 v - a +4 ring of evasion (right hand)
   (You found it on level 11 of the Dungeon)
 D - the ring of Arrival {rC++ Str+6 Stlth-}
   (You found it in a wizard's laboratory)

   [ring of strength]

   Str:       It affects your strength (+6).
   rC:        It greatly protects you from cold.
   Stlth:     It makes you less stealthy.
Wands
 U - a wand of mindburst (4)
   (You took it off Maurice on level 12 of the Dungeon)
 Y - a wand of iceblast (18)
   (You found it on level 12 of the Dungeon)
Scrolls
 a - 2 scrolls of vulnerability
 f - 2 scrolls of fog
 j - 4 scrolls of enchant armour
 l - 5 scrolls of magic mapping
 r - 10 scrolls of identify
 t - 9 scrolls of teleportation
 z - 5 scrolls of blinking
 F - 5 scrolls of summoning {unknown}
 N - 4 scrolls of enchant weapon
 P - 2 scrolls of immolation
 Z - 2 scrolls of brand weapon
Potions
 d - 3 potions of might
 h - 5 potions of haste
 n - 3 potions of resistance
 p - 5 potions of flight
 q - 10 potions of curing
 s - 4 potions of lignification
 u - a potion of invisibility {unknown}
 w - 3 potions of heal wounds
 x - 18 potions of mutation
 J - 4 potions of magic
 O - 2 potions of berserk rage
 T - 4 potions of ambrosia
Miscellaneous
 B - a piece from Xom's chessboard (15/15)
   (You found it on level 1 of the Shoals)
 C - a tin of tremorstones (2/2)
   (You found it on level 3 of the Lair of Beasts)


   Skills:
 + Level 17.5 Fighting
 - Level 20.0 Axes
 + Level 11.7 Throwing
 + Level 17.5 Armour
 + Level 13.6 Dodging
 - Level 3.6 Shields
 - Level 11.0 Invocations
 + Level 5.7 Evocations


You had 17 spell levels left.
You didn't know any spells.
Your spell library was empty.

Dungeon Overview and Level Annotations

Branches:
Dungeon (15/15)            Temple (0/1) D:6            Lair (5/5) D:10
 Shoals (4/4) Lair:3       Spider (4/4) Lair:2        Slime (0/5) Lair:4
    Orc (2/2) D:10            Elf (0/3) Orc:2        Vaults (1/5) D:14
 Depths (0/4) D:15          Sewer (visited)          WizLab (1/1)

Altars:
Ashenzari
Cheibriados
Makhleb
Nemelex Xobeh
Okawaru
Qazlal
Ru
Sif Muna
Vehumet
Xom
Yredelemnul
Zin
The Shining One
Jiyva

Shops:
D:3 [   D:7 [   D:9 *!   Orc:1 [   Orc:2 :([[

Annotations:
Lair:4 2 runed translucent doors, Ozyhouw's ghost, journeyman GrEE
Orc:1 3 runed translucent doors, Laemies's ghost, journeyman DsAK; Xeaneg's ghost, journeyman HOBe


Innate Abilities, Weirdness & Mutations

You have a pair of horns on your head.
You reflexively headbutt those who attack you in melee.


Message History

The large abomination is severely damaged.
You barely miss the white very ugly thing.
The white very ugly thing kicks you but does no damage.
Cigotuvi's Monster stings you but does no damage.
You slash the large abomination!
The large abomination is almost destroyed.
You slice the white very ugly thing!!
The large abomination hits you but does no damage.
The white very ugly thing closely misses you.
You slice the large abomination!!
You destroy the large abomination!
Okawaru accepts your kill.
You hit the white very ugly thing. Cigotuvi's Monster barely misses you.
The white very ugly thing kicks you but does no damage.
Your tin of tremorstones (2/2) has regained one charge.
You cut the white very ugly thing into ribbons!!!
The white very ugly thing is almost dead.
You barely miss the large abomination.
Cigotuvi's Monster stings you but does no damage.
You barely miss the white very ugly thing.
Your headbutt misses the white very ugly thing.
The white very ugly thing is almost dead.
You hit the large abomination. The white very ugly thing kicks you.
The white very ugly thing freezes you!!!
The large abomination closely misses you.
You completely miss the white very ugly thing.
Your headbutt misses the white very ugly thing.
The white very ugly thing is almost dead.
You slice the large abomination!!
Cigotuvi's Monster stings you but does no damage.
The white very ugly thing kicks you but does no damage.
You slash the white very ugly thing!
The white very ugly thing is almost dead.
You hit the large abomination but do no damage.
Cigotuvi's Monster stings you but does no damage.
The large abomination hits you.
You slice the white very ugly thing!!
You kill the white very ugly thing!
Okawaru accepts your kill.
You slice the large abomination!!
You destroy the large abomination!
Okawaru accepts your kill.
Cigotuvi's Monster stings you from afar.
Cigotuvi's Monster hits you but does no damage.
Cigotuvi's Monster tramples you but does no damage.
Cigotuvi's Monster stings you but does no damage.
Cigotuvi's Monster grabs you. Cigotuvi's Monster constricts you!
You slice Cigotuvi's Monster!!
You headbutt Cigotuvi's Monster, but do no damage.
Cigotuvi's Monster is moderately wounded.
You hit Cigotuvi's Monster.
Cigotuvi's Monster is moderately wounded.
Cigotuvi's Monster hits you.
Cigotuvi's Monster tramples you but does no damage.
Cigotuvi's Monster misses you. Cigotuvi's Monster constricts you!!
You slash Cigotuvi's Monster!
Cigotuvi's Monster is moderately wounded.
Cigotuvi's Monster hits you!!
Cigotuvi's Monster tramples you but does no damage.
Cigotuvi's Monster stings you but does no damage.
Cigotuvi's Monster constricts you!
You are too injured to fight recklessly!
You are too injured to fight recklessly!
You are too injured to fight recklessly!
You are too injured to fight recklessly!
You are too injured to fight recklessly!
You are too injured to fight recklessly!
You are too injured to fight recklessly!
You are too injured to fight recklessly!
You are too injured to fight recklessly!
You are too injured to fight recklessly!
You are too injured to fight recklessly!
Unknown command.
You slice Cigotuvi's Monster!!
You headbutt Cigotuvi's Monster, but do no damage.
Cigotuvi's Monster is heavily wounded.
You barely miss Cigotuvi's Monster. You headbutt Cigotuvi's Monster!
Cigotuvi's Monster is heavily wounded.
Cigotuvi's Monster hits you but does no damage.
Cigotuvi's Monster completely misses you.
Cigotuvi's Monster stings you but does no damage.
Cigotuvi's Monster constricts you!!
* * * LOW HITPOINT WARNING * * *
You barely miss Cigotuvi's Monster.
Cigotuvi's Monster is heavily wounded.
Cigotuvi's Monster hits you but does no damage.
Cigotuvi's Monster tramples you!
* * * LOW HITPOINT WARNING * * *
You are held in place!
Cigotuvi's Monster stings you but does no damage.
Cigotuvi's Monster constricts you!
* * * LOW HITPOINT WARNING * * *
You slash Cigotuvi's Monster!
Cigotuvi's Monster is severely wounded.
Cigotuvi's Monster closely misses you. Cigotuvi's Monster tramples you.
* * * LOW HITPOINT WARNING * * *
You are held in place!
Cigotuvi's Monster stings you!
* * * LOW HITPOINT WARNING * * *
Cigotuvi's Monster constricts you!!
You die...

#### ### ###
##::.####.###
#### #∩#
#.....#.....#
#...###'#
#...........#
.....#...
#..........#
...oe#...
#....H†....#
....u#...
#.....@....#
######...
#.....###'##
#..####'#
##:..# #..#
....##...
#### #..#
.§.uu#...
##..####..#
...uu#...
#....##...#
...u##...
#....'...##
#..####'#
#....#...#
####.#...
##.#####'##
###..#...


You could see Cigotuvi's Monster.

Vanquished Creatures
  Mlioglotl (Spider:2)
  A kraken (Shoals:1)
  8 emperor scorpions
  3 ghost moths
  A broodmother (Spider:3)
  4 very ugly things (WizLab)
  6 entropy weavers
  3 spark wasps
  10 merfolk impalers
  2 merfolk javelineers (Shoals:4)
  An ettin (D:15)
  A fire dragon (D:15)
  A great orb of eyes (Vaults:1)
  2 vault guards (D:14)
  3 hydras
  11 boulder beetles
  4 merfolk aquamancers (Shoals:4)
  3 merfolk avatars
  4 ogre magi (Orc:2)
  A jorogumo (Spider:2)
  4 centaur warriors
  2 alligator snapping turtles
  3 satyrs
  4 catoblepae
  15 two-headed ogres
  A deep troll shaman (Lair:5)
  7 death yaks (Lair:5)
  5 tengu warriors
  Sonja (Lair:5)
  Urug (D:12)
  A deep elf knight (D:14)
  A shock serpent (shapeshifter) (WizLab)
  A fire crab (shapeshifter) (WizLab)
  5 pharaoh ants
  10 steelbarb worms
  10 sea snakes
  9 orb spiders
  An ironbound convoker (Vaults:1)
  2 necromancers (D:15)
  2 harpies (shapeshifter) (WizLab)
  2 lindwurms (Lair:5)
  19 harpies
  2 phantasmal warriors (Vaults:1)
  2 deep elf pyromancers
  4 orc knights
  15 wolf spiders
  An orc sorcerer (Orc:2)
  4 cyclopes
  16 ugly things
  9 fauns
  7 manticores
  5 moths of wrath
  6 merfolk sirens
  Joseph (D:8)
  7 elephants
  5 black mambas
  Maurice (D:12)
  A guardian serpent (shapeshifter) (WizLab)
  2 vault sentinels (Vaults:1)
  4 water nymphs
  6 torpor snails
  A black mamba (shapeshifter) (WizLab)
  A water nymph (shapeshifter) (WizLab)
  3 cane toads
  A gargoyle (D:14)
  2 rime drakes
  Psyche (D:8)
  An unseen horror (D:11)
  8 demonic crawlers
  7 tengu conjurers
  A freezing wraith (Vaults:1)
  5 komodo dragons
  4 trolls
  5 yaktaurs (D:15)
  29 merfolk
  A queen bee (shapeshifter) (WizLab)
  A meliai (shapeshifter) (WizLab)
  2 polar bears (shapeshifter) (WizLab)
  2 polar bears
  2 wind drakes (Shoals:4)
  14 blink frogs
  6 snapping turtles
  2 hornets
  25 tarantellas
  2 blink frogs (shapeshifter) (WizLab)
  4 dream sheep (Shoals:1)
  5 slime creatures (D:12)
  A raiju (shapeshifter) (WizLab)
  6 small abominations (WizLab)
  8 culicivoras
  A jumping spider (shapeshifter) (WizLab)
  A vampire (D:12)
  23 jumping spiders
  2 shadows
  A wraith (D:10)
  9 water elementals
  7 large abominations (WizLab)
  2 spriggans (shapeshifter) (WizLab)
  2 yaks (shapeshifter) (WizLab)
  5 wyverns
  A hog (shapeshifter) (WizLab)
  Eustachio (D:4)
  5 basilisks
  Grum (D:8)
  A wyvern (shapeshifter) (WizLab)
  35 yaks
  A human (D:14)
  2 golden eyes (shapeshifter)
  58 redbacks
  8 vampire mosquitoes (D:13)
  An iron golem (WizLab)
  A redback (shapeshifter) (D:15)
  A steam dragon (D:7)
  6 wargs
  A naga (shapeshifter) (WizLab)
  An acid dragon (D:14)
  15 water moccasins
  4 floating eyes (WizLab)
  An ice beast (D:6)
  19 orc warriors
  6 black bears
  27 ogres
  13 wolves
  3 boggarts (D:14)
  10 centaurs
  2 kobold brigands
  6 bullfrogs
  A necrophage (D:6)
  2 gnoll sergeants
  A scorpion (D:6)
  5 wights (D:8)
  6 howler monkeys
  An electric eel (Lair:5)
  2 jellies
  4 hounds
  14 orc priests
  7 iguanas
  23 orc wizards
  11 gnolls
  5 adders
  A shadow imp (D:5)
  A white imp (D:6)
  8 worms
  4 dart slugs
  52 orcs
  5 ball pythons
  5 bats
  6 endoplasms
  3 giant cockroaches
  11 goblins
  12 hobgoblins
  5 jackals (D:4)
  13 kobolds
  2 quokkas
  5 frilled lizards
  2 rats
  A butterfly (Lair:3)
  4 tentacles (Shoals:1)
929 creatures vanquished.

Vanquished Creatures (others)
  A boggart (D:14)
  An orc (D:3)
  An endoplasm (D:3)
  A frilled lizard (D:3)
  2 kobolds
  19 fungi
  133 plants
  4 tentacles (Shoals:1)
162 creatures vanquished.

Grand Total: 1091 creatures vanquished

Notes
Turn   | Place    | Note
-------+----------+-------------------------------------------
     0 | D:1      | Flugkiller the Minotaur Fighter began the quest for the
                  | Orb.
     0 | D:1      | Reached XP level 1. HP: 19/19 MP: 0/0
   161 | D:1      | Reached XP level 2. HP: 27/27 MP: 1/1
   252 | D:1      | Reached skill level 3 in Axes
   661 | D:1      | Found a faded altar of an unknown god.
   842 | D:2      | Reached XP level 3. HP: 31/33 MP: 2/2
  1204 | D:2      | Reached skill level 4 in Axes
  1850 | D:3      | Reached XP level 4. HP: 40/40 MP: 3/3
  1991 | D:3      | Found Tokloi Cemm's Armour Boutique.
  1996 | D:3      | Bought a +0 cloak for 58 gold pieces
  2364 | D:3      | Found an iron altar of Okawaru.
  2372 | D:3      | Became a worshipper of Warmaster Okawaru
  2541 | D:3      | Found a shimmering altar of Xom.
  3018 | D:4      | Noticed Eustachio
  3039 | D:4      | HP: 2/41 [ufetubus[Eustachio] (2)]
  3351 | D:4      | Killed Eustachio
  3352 | D:4      | Reached skill level 5 in Axes
  3352 | D:4      | Reached skill level 1 in Invocations
  3352 | D:4      | Reached XP level 5. HP: 30/47 MP: 3/5
  3482 | D:4      | Reached * piety under Okawaru
  3483 | D:4      | Reached skill level 5 in Fighting
  3483 | D:4      | Reached skill level 5 in Armour
  3483 | D:4      | Reached XP level 6. HP: 56/56 MP: 6/6
  3818 | D:4      | Found a basalt altar of Yredelemnul.
  3967 | D:4      | Reached skill level 6 in Axes
  4532 | D:5      | Entered Level 5 of the Dungeon
  4573 | D:5      | Reached XP level 7. HP: 32/61 MP: 7/7
  4754 | D:5      | Found a glowing drain.
  4771 | Sewer    | Entered a sewer
  4937 | D:5      | Found a broken altar of Ashenzari.
  4945 | D:5      | Found a snail-covered altar of Cheibriados.
  5275 | D:5      | Found a sacrificial altar of Ru.
  5576 | D:6      | Reached ** piety under Okawaru
  5577 | D:6      | Reached skill level 7 in Axes
  5707 | D:6      | Noticed a shadow
  5721 | D:6      | Killed a shadow
  5848 | D:6      | Reached XP level 8. HP: 66/70 MP: 9/9
  5937 | D:6      | Found a staircase to the Ecumenical Temple.
  5944 | D:6      | Reached skill level 8 in Axes
  6327 | D:6      | Found a burning altar of Makhleb.
  6327 | D:6      | Noticed a cacodemon
  6713 | D:7      | Reached skill level 9 in Axes
  6849 | D:7      | Found a radiant altar of Vehumet.
  7192 | D:7      | Found Maesuec's Armour Shoppe.
  7626 | D:8      | Reached *** piety under Okawaru
  7635 | D:8      | Reached XP level 9. HP: 59/77 MP: 11/11
  7647 | D:8      | Noticed Psyche
  7660 | D:8      | Killed Psyche
  7661 | D:8      | Reached skill level 5 in Invocations
  7664 | D:8      | Reached skill level 10 in Axes
  7687 | D:8      | Noticed Joseph
  7704 | D:8      | Killed Joseph
  7797 | D:8      | Noticed Grum
  7810 | D:8      | HP: 3/81 [wolf[Grum] (3)]
  7812 | D:8      | HP: 1/81 [wolf[Grum] (3)]
  7956 | D:8      | Found a glowing silver altar of Zin.
  8077 | D:8      | Killed Grum
  8077 | D:8      | Reached **** piety under Okawaru
  8150 | D:8      | Reached skill level 11 in Axes
  8244 | D:8      | Found a sparkling altar of Nemelex Xobeh.
  8354 | D:8      | You fall into a shaft and drop 2 floors!
  8354 | D:10     | Entered Level 10 of the Dungeon
  8388 | D:10     | Identified the +7 spear "Zuhaheun" {vamp, Int+4}
  8391 | D:10     | Found a staircase to the Lair.
  8391 | D:10     | Noticed an elephant
  8405 | D:10     | Reached XP level 10. HP: 20/90 MP: 10/13
  8408 | D:10     | HP: 1/90 [elephant (9)]
  8413 | D:10     | Killed an elephant
  8503 | D:10     | Found a staircase to the Orcish Mines.
  8533 | D:10     | Found a stormy altar of Qazlal.
  8971 | D:9      | Found a glowing golden altar of the Shining One.
  9074 | D:9      | Reached skill level 12 in Axes
  9156 | D:9      | Found Buyss's Distillery.
  9161 | D:9      | Bought a potion of heal wounds for 70 gold pieces
  9474 | D:9      | Found Giw Vash's Lightly-Used Armoury.
  9584 | D:9      | Reached ***** piety under Okawaru
  9886 | D:9      | Identified a scroll of acquirement
  9888 | D:9      | Acquired the +1 cloak "Afuyviuf" {rElec}
 10047 | D:10     | Found a shimmering blue altar of Sif Muna.
 10656 | D:11     | Noticed a cyclops
 10665 | D:11     | Reached skill level 13 in Axes
 10667 | D:11     | Killed a cyclops
 10667 | D:11     | Received a gift from Okawaru
 10668 | D:11     | Reached XP level 11. HP: 82/99 MP: 15/15
 10761 | D:11     | Reached skill level 10 in Fighting
 10799 | D:11     | Noticed an eight-headed hydra
 10988 | Lair:1   | Entered Level 1 of the Lair of Beasts
 10994 | Lair:1   | Reached skill level 1 in Throwing
 11022 | Lair:1   | Noticed a four-headed hydra
 11141 | Lair:1   | Killed a five-headed hydra
 11365 | Lair:1   | Reached skill level 5 in Throwing
 12620 | Lair:2   | Found a hole to the Spider Nest.
 13158 | D:3      | Bought a +9 plate armour of ponderousness for 585 gold
                  | pieces
 13454 | Lair:3   | Reached XP level 12. HP: 101/106 MP: 14/16
 13480 | Lair:3   | Reached ****** piety under Okawaru
 13481 | Lair:3   | Reached skill level 10 in Throwing
 13481 | Lair:3   | Reached skill level 10 in Armour
 13586 | Lair:3   | Reached skill level 1 in Dodging
 13590 | Lair:3   | Received a gift from Okawaru
 13757 | Lair:3   | Received a gift from Okawaru
 13842 | Lair:3   | Found a staircase to the Shoals.
 14185 | Lair:3   | Noticed a boulder beetle
 14206 | Lair:3   | Killed a boulder beetle
 14206 | Lair:3   | Identified the +1 robe of Fortitude {+Blink +Inv rC+++
                  | Int-5} (Okawaru gifted it to you on level 3 of the Lair of
                  | Beasts)
 14206 | Lair:3   | Received a gift from Okawaru
 14207 | Lair:3   | Reached skill level 14 in Axes
 14475 | Lair:4   | Found a runed translucent door.
 14476 | Lair:4   | Found a viscous altar of Jiyva.
 14478 | Lair:4   | Found a staircase to the Slime Pits.
 14659 | Lair:4   | Found a runed translucent door.
 14659 | Lair:4   | Found a shimmering altar of Xom.
 14659 | Lair:4   | Noticed Ozyhouw's ghost (journeyman GrEE)
 14659 | Lair:4   | Identified the +10 rapier of Ihil {chaos, Str+2 Int-4 Dex+4
                  | SInv}
 14698 | Lair:4   | Noticed Sonja
 14841 | Lair:4   | Noticed an eight-headed hydra
 14849 | Lair:4   | Killed an eight-headed hydra
 15110 | Lair:5   | Entered Level 5 of the Lair of Beasts
 15172 | Lair:5   | Killed Sonja
 15366 | Lair:5   | Noticed a death yak
 15366 | Lair:5   | Noticed a death yak
 15367 | Lair:5   | Noticed a death yak
 15367 | Lair:5   | Noticed a death yak
 15368 | Lair:5   | Noticed a death yak
 15376 | Lair:5   | Killed a death yak
 15381 | Lair:5   | Killed a death yak
 15386 | Lair:5   | Killed a death yak
 15389 | Lair:5   | Killed a death yak
 15397 | Lair:5   | Killed a death yak
 15398 | Lair:5   | Reached XP level 13. HP: 80/116 MP: 11/18
 15426 | Lair:5   | Reached skill level 15 in Axes
 15559 | Lair:5   | Received a gift from Okawaru
 15664 | Lair:5   | Reached skill level 5 in Dodging
 15983 | Lair:5   | Identified the +2 battleaxe of Sozywn {vorpal, *Corrode
                  | Str+8 Int+4}
 16590 | D:11     | Found a broken altar of Ashenzari.
 16793 | D:12     | Noticed Maurice
 16808 | D:12     | Killed Maurice
 16813 | D:12     | Received a gift from Okawaru
 16856 | D:12     | Noticed Urug
 16868 | D:12     | Killed Urug
 16979 | D:12     | Received a gift from Okawaru
 17040 | D:12     | Reached skill level 16 in Axes
 17952 | D:13     | Received a gift from Okawaru
 18501 | D:14     | Reached XP level 14. HP: 120/127 MP: 20/20
 18531 | D:14     | Reached skill level 10 in Invocations
 19249 | D:14     | Found a gate to the Vaults.
 19471 | D:15     | Entered Level 15 of the Dungeon
 19492 | D:15     | Identified the +1 robe of the Salmon {Drain rPois rF+++
                  | SInv} (Okawaru gifted it to you on level 15 of the Dungeon)
 19492 | D:15     | Received a gift from Okawaru
 20208 | D:15     | Found a staircase to the Depths.
 20589 | Orc:1    | Entered Level 1 of the Orcish Mines
 20799 | Orc:1    | Found a runed translucent gate.
 20800 | Orc:1    | Found a runed translucent gate.
 20802 | Orc:1    | Found a runed translucent gate.
 20804 | Orc:1    | Noticed Laemies's ghost (journeyman DsAK)
 20804 | Orc:1    | Noticed Xeaneg's ghost (journeyman HOBe)
 20840 | Orc:1    | Found Xumpeun's Armour Emporium.
 20969 | Orc:2    | Entered Level 2 of the Orcish Mines
 21334 | Orc:2    | Found Boatel's Antique Armour Emporium.
 21334 | Orc:2    | Found Ungeag's Weapon Boutique.
 21334 | Orc:2    | Found Kustram's Antique Armour Boutique.
 21334 | Orc:2    | Found Xinenimn's Book Shoppe.
 21452 | Orc:2    | Identified the +11 battleaxe of Bloodstone {venom, rElec
                  | rCorr MP+9} (Okawaru gifted it to you on level 2 of the
                  | Orcish Mines)
 21452 | Orc:2    | Received a gift from Okawaru
 21485 | Orc:2    | Reached XP level 15. HP: 70/138 MP: 14/22
 21504 | Orc:2    | Reached skill level 10 in Dodging
 21656 | Orc:2    | Received a gift from Okawaru
 21720 | Orc:2    | Bought a pair of embroidered boots for 202 gold pieces
 21849 | Orc:2    | Found a staircase to the Elven Halls.
 22330 | Spider:1 | Entered Level 1 of the Spider Nest
 22365 | Spider:1 | Reached skill level 15 in Armour
 22391 | Spider:1 | Reached skill level 15 in Fighting
 22719 | Spider:2 | Identified the +4 ice dragon scales of the Unseen Realm
                  | {rF- rC++ Str+5} (Okawaru gifted it to you on level 2 of
                  | the Spider Nest)
 22719 | Spider:2 | Received a gift from Okawaru
 23122 | Spider:2 | Noticed Mlioglotl
 23144 | Spider:2 | Killed Mlioglotl
 23369 | Spider:3 | Noticed an emperor scorpion
 23380 | Spider:3 | Killed an emperor scorpion
 23751 | Spider:4 | Entered Level 4 of the Spider Nest
 23759 | Spider:3 | Reached XP level 16. HP: 144/151 MP: 23/23
 23824 | Spider:4 | Reached skill level 17 in Axes
 23836 | Spider:4 | Received a gift from Okawaru
 24036 | Spider:4 | Reached skill level 18 in Axes
 24346 | Spider:3 | Reached skill level 19 in Axes
 24785 | Spider:4 | Received a gift from Okawaru
 24807 | Spider:4 | Reached skill level 20 in Axes
 25183 | Spider:4 | Got a gossamer rune of Zot
 25358 | Spider:3 | Reached skill level 1 in Evocations
 25489 | Shoals:1 | Entered Level 1 of the Shoals
 25552 | Shoals:1 | Identified the +10 battleaxe of Gotubysch {vorpal, rElec
                  | rF+ Will+ Int+6} (Okawaru gifted it to you on level 1 of
                  | the Shoals)
 25552 | Shoals:1 | Received a gift from Okawaru
 25580 | Shoals:1 | Noticed a kraken
 25589 | Shoals:1 | Killed a kraken
 26008 | Shoals:1 | Reached XP level 17. HP: 147/158 MP: 24/24
 26016 | Shoals:1 | Received a gift from Okawaru
 26222 | Shoals:2 | Identified the +2 kite shield of Bad Feelings {rPois
                  | Stlth+} (Okawaru gifted it to you on level 2 of the Shoals)
 26222 | Shoals:2 | Received a gift from Okawaru
 27440 | Shoals:4 | Entered Level 4 of the Shoals
 27472 | Shoals:4 | HP: 4/160 [merfolk javelineer/silver javelin (10)]
 27472 | Shoals:4 | HP: 1/160 [merfolk javelineer/silver javelin (3)]
 27990 | Shoals:4 | Got a barnacled rune of Zot
 28109 | Shoals:3 | Identified the +8 scale mail of Tartarus {SInv} (Okawaru
                  | gifted it to you on level 3 of the Shoals)
 28109 | Shoals:3 | Received a gift from Okawaru
 28176 | Shoals:3 | Reached skill level 5 in Evocations
 28445 | Vaults:1 | Entered Level 1 of the Vaults
 28564 | Vaults:1 | Found a magical portal.
 28583 | WizLab   | Entered Cigotuvi's Fleshworks
 28804 | WizLab   | Paralysed by a floating eye for 3 turns
 28867 | WizLab   | Identified the ring of Arrival {rC++ Str+6 Stlth-}
 28907 | WizLab   | Reached XP level 18. HP: 137/170 MP: 25/25
 29257 | WizLab   | HP: 1/170 [Cigotuvi's Monster (11)]
 29257 | WizLab   | Constricted to death by Cigotuvi's Monster

Illustrated notes

Levels and vault maps discovered:
D:1:      enne_arrival_octagon_isle, layout_rooms,
          hellmonk_ecumenical_altar_inner_sanctum, roderic_roman_lattice
D:2:      layout_loops_corners
D:3:      layout_basic, xom_confusion_cloud, kennysheep_okawaru_gauntlet,
          serial_shops, shop
D:4:      layout_loops_cross, mainiacjoe_overflow_paths, minmay_misc_feat_roman,
          nicolae_eternal_life, uniq_eustachio
D:5:      layout_loops_ring, nicolae_ru_the_path_less_chosen,
          cheibriados_altar_1, general_overflow_altar,
          cheibrodos_sewer_entry_bend
D:6:      layout_basic, makhleb_altar_promises_db, minmay_temple_entry_waves
D:7:      layout_loops_corners, fiery_altar_vehumet, serial_shops,
          kennysheep_mini
D:8:      layout_loops_ring, zin_academy, mainiacjoe_overflow_chevrons,
          uniq_grum, uniq_joseph, uniq_psyche
D:9:      layout_layer_cave, tso_metal_star, serial_shops, nicolae_shop_stone,
          nicolae_two_hexagons, minmay_shop_damaged
D:10:     layout_cave_pools, overflow_temple_1_default,
          mainiacjoe_overflow_tiny_flanked, david_lair_generic,
          statue_in_the_mist_lemuel
D:11:     layout_roguey, ashenzari_altar_1
D:12:     layout_cave_pools, uniq_maurice, uniq_urug
D:13:     layout_irregular_city
D:14:     layout_basic, grunt_vaults_entry_fortified
D:15:     hangedman_depths_entry_civil_slaughter, layout_long_grid,
          portal_ice_cave_entry_pillars_2, minmay_misc_feat_rows
Lair:1:   layout_hall_layers
Lair:2:   layout_hall_layers, spider_nest_entry_rubble
Lair:3:   layout_regular_city, minmay_shoals_entry_lonely_mermaid,
          nzn_sisyphean_effort, lemuel_fruit_fields
Lair:4:   layout_roguey, slime_entry_2, ebering_ghost_xom, minivault_25,
          infiniplex_staircase_pool_2, lemuel_fruit_fields, grunt_megastairs_5,
          lemuel_fruit_tree, uniq_sonja
Lair:5:   grunt_lair_end_beastmaster, layout_regular_city,
          infiniplex_staircase_pool
Shoals:1: layout_shoals, nicolae_shoals_circle_sea_wall
Shoals:2: layout_shoals, nicolae_shoals_water_elemental_grotto
Shoals:3: nzn_motion_control, layout_shoals, serial_shops, shop, uniq_ilsuiw
Shoals:4: shoals_end_simple, layout_shoals, shoal_ilsuiw,
          nicolae_shoals_sun_and_surf
Spider:1: layout_spider_delve, hangedman_spider_mandibles
Spider:2: layout_cave_pods, hangedman_spider_tarantella_strand, uniq_mlioglotl
Spider:3: layout_spider_delve
Spider:4: grunt_spider_rune_circles, drop_trap
Orc:1:    layout_diamond_mine, serial_shops, nicolae_shop_waterfront,
          gammafunk_ghost_cemetery
Orc:2:    st_orc_ogre_mass, layout_caves, nooodl_orcs_dogs
Vaults:1: infiniplex_enter_wizlab_glasses, nicolae_vaults_big_angled_halls,
          vaults_room_large_hall, vaults_room_pool, ontoclasm_vaults_bender,
          ontoclasm_vaults_gateway, nicolae_vaults_hallways_thing, v_misc_3,
          nicolae_vaults_network_quinsquares
          [nicolae_vaults_network_quincunx_subvault,
          nicolae_vaults_network_quincunx_subvault,
          nicolae_vaults_network_quincunx_subvault,
          nicolae_vaults_network_quincunx_subvault],
          nicolae_vaults_little_squares_1, vaults_room_hangedman_quadrants,
          layout_vaults_omnibox
WizLab:   wizlab_cigotuvi

Skill      XL: |  1  2  3  4  5  6  7  8  9 10 11 12 13 14 15 16 17 |
---------------+----------------------------------------------------+-----
Axes           | 3 4 5 6 7 9 11 13 14 16 20 | 20.0
Armour         | 4 5 6 7 8 9 11 12 14 16 17 | 17.5
Fighting       | 4 5 6 7 8 9 10 11 12 14 15 16 17 | 17.5
Invocations    | 1 2 3 4 6 7 8 9 11 | 11.0
Throwing       | 9 10 11 | 11.7
Dodging        | 4 6 9 11 12 13 | 13.6
Evocations     | 2 5 |  5.7
Shields        | |  3.6

Action                   |  1- 3 |  4- 6 |  7- 9 | 10-12 | 13-15 | 16-18 || total
-------------------------+-------+-------+-------+-------+-------+-------++-------
Melee: War axe           |    88 |   120 |   223 |   406 |   777 |       ||  1614
       Headbutt          |     7 |    29 |    56 |   142 |   292 |   191 ||   717
       Broad axe         |       |       |       |   169 |    37 |       ||   206
       Battleaxe         |       |       |       |       |   250 |   819 ||  1069
Throw: Boomerang         |       |       |       |    32 |    15 |       ||    47
       Javelin           |       |       |       |       |       |    15 ||    15
Invok: Heroism           |       |       |     7 |     9 |    11 |     9 ||    36
       Finesse           |       |       |       |     1 |     2 |     1 ||     4
Evoke: Tin of tremorston |       |       |       |     1 |     1 |     2 ||     4
       Wand              |       |       |       |       |     3 |       ||     3
  Use: Scroll            |       |       |    11 |    13 |    11 |     6 ||    41
       Potion            |       |       |     2 |     1 |     2 |    10 ||    15
 Stab: Distracted        |       |       |       |       |     2 |       ||     2
Armor: Scale mail        |    48 |    61 |   108 |    63 |       |       ||   280
       Plate armour      |       |       |       |   391 |   778 |   710 ||  1879
Dodge: Dodged            |    38 |    59 |   110 |   225 |   637 |   923 ||  1992
Block: Buckler           |    22 |    28 |    58 |   157 |   198 |       ||   463

Table legend: (Time is in decaauts)
 A = Elapsed time spent in this place.
 B = Non-inter-level travel time spent in this place.
 C = Inter-level travel time spent in this place.
 D = Time resting spent in this place.
 E = Time spent auto-exploring this place.
 F = Levels seen in this place.
 G = Mean time per level.
                   A        B        C        D        E       F      G
               +--------+--------+--------+--------+--------+-----+--------+
         Total |  29935 |  28015 |   1920 |   3190 |  19102 |  33 |  907.1 |
       Dungeon |  15868 |  14701 |   1167 |   1295 |  11022 |  15 | 1057.9 |
          Lair |   5396 |   4985 |    411 |    157 |   3894 |   5 | 1079.2 |
        Shoals |   2914 |   2816 |     98 |    777 |   1105 |   4 |  728.5 |
   Spider Nest |   3144 |   3032 |    112 |    882 |   1320 |   4 |  786.0 |
  Orcish Mines |   1724 |   1636 |     88 |     78 |   1187 |   2 |  862.0 |
        Vaults |    144 |    104 |     40 |      0 |     30 |   1 |  144.0 |
         Sewer |     68 |     68 |      0 |      0 |     33 |   1 |   68.0 |
        Wizlab |    674 |    674 |      0 |      0 |    506 |   1 |  674.0 |
               +--------+--------+--------+--------+--------+-----+--------+

Top non-repeatable levels by time:
     D:3: 1587 daAuts
     D:4: 1343 daAuts
     D:9: 1323 daAuts
    D:14: 1307 daAuts
  Lair:5: 1288 daAuts
   Orc:2: 1225 daAuts
     D:6: 1181 daAuts
  Lair:3: 1174 daAuts
  Lair:1: 1159 daAuts
Spider:4: 1146 daAuts
     D:7: 1039 daAuts
    D:15: 1030 daAuts
     D:8: 1009 daAuts
  Lair:2: 988 daAuts
     D:2: 967 daAuts
